[Event "23rd Hoogeveen Open 2019"]
[Site "Hoogeveen"]
[Date "2019.10.24"]
[Round "7.37"]
[White "Labruyere, Roger"]
[Black "Fehr, Axel"]
[Result "0-1"]
[ECO "B91"]
[WhiteElo "1932"]
[BlackElo "2045"]
[Annotator "NA"]
[PlyCount "66"]
[EventDate "2019.10.19"]
[EventType "swiss"]
[EventCountry "NED"]
[SourceTitle "playchess.com"]
[Source "ChessBase"]
[SourceQuality "1"]
[TimeControl "40/5400+30:1800+30"]

1. e4 c5 2. Nf3 d6 3. d4 cxd4 4. Nxd4 Nf6 5. Nc3 a6 6. g3 e5 7. Nb3 Be7 8. Bg2 Nbd7 9. a4 O-O 10. a5 Qc7 11. O-O b5 12. axb6 Nxb6 13. Bg5 Bg4 14. Qd3 Be6 15. Nd2 Nc4 16. Rfb1 Rfc8 17. Nxc4 Bxc4 18. Qd2 h6 19. Bxf6 Bxf6 20. Rd1 Rab8 21. Bh3 Rd8 22. b3 Be6 23. Bxe6 fxe6 24. Rxa6 Rdc8 25. Na4 Qxc2 26. Qxd6 Qxb3 27. Nc5 Rxc5 28. Rda1 Rcb5 29. R6a3 Qc4 30. Ra4 Rb1+ 31. Kg2 Qf1+ 32. Kf3 R1b3+ 33. Kg4 h5+ 0-1

[Event "23rd Hoogeveen Open 2019"]
[Site "Hoogeveen"]
[Date "2019.10.25"]
[Round "8.2"]
[White "Moksh Amit Doshi"]
[Black "Seul, Georg"]
[Result "1-0"]
[ECO "E27"]
[WhiteElo "2328"]
[BlackElo "2411"]
[Annotator "NA"]
[PlyCount "123"]
[EventDate "2019.10.19"]
[EventType "swiss"]
[EventCountry "NED"]
[SourceTitle "playchess.com"]
[Source "ChessBase"]
[SourceQuality "1"]
[TimeControl "40/5400+30:1800+30"]

1. d4 Nf6 2. c4 e6 3. Nc3 Bb4 4. f3 O-O 5. a3 Bxc3+ 6. bxc3 Ne8 7. e4 b6 8. Bd3 Ba6 9. Nh3 Nc6 10. e5 Qh4+ 11. Nf2 Na5 12. g3 Qe7 13. Qe2 d5 14. cxd5 Bxd3 15. Nxd3 exd5 16. a4 c5 17. O-O Nb3 18. Rb1 Nxc1 19. Rbxc1 c4 20. Nf4 Nc7 21. Rce1 Qd7 22. Nh5 Qxa4 23. f4 Qd7 24. f5 f6 25. Qg4 Kh8 26. e6 Qe7 27. Nf4 Kg8 28. Ng6 Qd6 29. Nxf8 Rxf8 30. Qh5 Qe7 31. Rf4 Nb5 32. Rh4 h6 33. Qf3 Nc7 34. Rf1 Kh7 35. Qg4 Qe8 36. Rf4 Rg8 37. Qh3 Qe7 38. Rh5 Qa3 39. Qg4 Qc1+ 40. Kg2 g5 41. fxg6+ Rxg6 42. Qf5 Qe3 43. Rg4 Qe2+ 44. Kh3 Qxg4+ 45. Qxg4 Rxg4 46. Kxg4 Kg6 47. e7 Kf7 48. Rxh6 Kxe7 49. Rh7+ Kd6 50. Rf7 Nb5 51. Rxf6+ Ke7 52. Rf3 a5 53. h4 Nd6 54. h5 Nf7 55. Kf5 b5 56. Kg6 Nh8+ 57. Kg7 b4 58. Kxh8 b3 59. h6 b2 60. Rf1 a4 61. h7 a3 62. Kg8 1-0

[Event "23rd Hoogeveen Open 2019"]
[Site "Hoogeveen"]
[Date "2019.10.25"]
[Round "8.3"]
[White "Schoppen, Casper"]
[Black "Morozov, Nichita"]
[Result "1-0"]
[ECO "C41"]
[WhiteElo "2508"]
[BlackElo "2394"]
[Annotator "ChessBase"]
[PlyCount "77"]
[EventDate "2019.10.19"]
[EventType "swiss"]
[EventCountry "NED"]
[SourceTitle "playchess.com"]
[Source "ChessBase"]
[SourceQuality "1"]
[TimeControl "40/5400+30:1800+30"]

1. e4 d6 2. d4 Nf6 3. Nc3 e5 4. Nf3 Nbd7 5. Bc4 Be7 6. O-O O-O 7. Re1 Nb6 8. Bf1 exd4 9. Nxd4 Re8 10. a4 a5 11. Bf4 Nfd7 12. Qd2 Bf6 13. Ndb5 Ne5 14. b3 Be6 15. Be3 Ned7 16. Rad1 Be7 17. f4 Bg4 18. Rb1 Nc5 19. h3 Bd7 20. Qf2 Bxb5 21. Bxb5 c6 22. Bxc5 dxc5 23. Red1 Qc7 24. Bd3 Rad8 25. e5 Nd5 26. Ne4 f6 27. c4 Nb4 28. exf6 gxf6 29. Bf1 b6 30. Re1 Kh8 31. Re3 Qd7 32. Rbe1 Rg8 33. Ng3 Rde8 34. Qe2 Rg7 35. Kh2 Kg8 36. Re6 Qc7 37. Nh5 Rf7 38. Nxf6+ Rxf6 39. Rxf6 1-0

[Event "23rd Hoogeveen Open 2019"]
[Site "Hoogeveen"]
[Date "2019.10.25"]
[Round "8.4"]
[White "Elgersma, Onno"]
[Black "Beerdsen, Thomas"]
[Result "0-1"]
[ECO "B48"]
[WhiteElo "2306"]
[BlackElo "2472"]
[Annotator "ChessBase"]
[PlyCount "54"]
[EventDate "2019.10.19"]
[EventType "swiss"]
[EventCountry "NED"]
[SourceTitle "playchess.com"]
[Source "ChessBase"]
[SourceQuality "1"]
[TimeControl "40/5400+30:1800+30"]

1. e4 c5 2. Nf3 e6 3. d4 cxd4 4. Nxd4 Nc6 5. Nc3 Qc7 6. Be3 a6 7. Qd2 Nf6 8. f4 Bb4 9. Bd3 b5 10. a3 Be7 11. e5 Ng4 12. Bg1 Bb7 13. Ne4 f5 14. exf6 Nxf6 15. Ng5 O-O 16. O-O-O b4 17. a4 h6 18. h4 hxg5 19. hxg5 Nxd4 20. Bxd4 Ne4 21. Bxe4 Bxe4 22. Bxg7 Rxf4 23. Bd4 e5 24. g3 Rg4 25. Rh4 Rxh4 26. gxh4 exd4 27. Re1 d5 0-1

[Event "23rd Hoogeveen Open 2019"]
[Site "Hoogeveen"]
[Date "2019.10.25"]
[Round "8.5"]
[White "Hilwerda, Jonas"]
[Black "Akash, Ganesan"]
[Result "0-1"]
[ECO "B56"]
[WhiteElo "2229"]
[BlackElo "2449"]
[Annotator "NA"]
[PlyCount "104"]
[EventDate "2019.10.19"]
[EventType "swiss"]
[EventCountry "NED"]
[SourceTitle "playchess.com"]
[Source "ChessBase"]
[SourceQuality "1"]
[TimeControl "40/5400+30:1800+30"]

1. e4 c5 2. Nf3 d6 3. d4 cxd4 4. Nxd4 Nf6 5. Nc3 Nc6 6. Nd5 Nxd5 7. exd5 Qa5+ 8. Bd2 Qxd5 9. Nb5 Qe6+ 10. Be2 Qd7 11. c4 a6 12. Nc3 e6 13. Bf4 Be7 14. Qd2 O-O 15. Rd1 Rd8 16. O-O b5 17. cxb5 axb5 18. Bxb5 Ba6 19. Qe2 Bxb5 20. Qxb5 Rdb8 21. Qe2 Rb4 22. Bxd6 Bxd6 23. Nb5 Bxh2+ 24. Kxh2 Qb7 25. Nc3 Rxb2 26. Qe4 Rb4 27. Qf3 Ne5 28. Qxb7 Rxb7 29. Rb1 Rc7 30. Rb3 h5 31. a4 Rc4 32. Ra1 Nc6 33. Rab1 Kh7 34. Ra3 g5 35. Rb5 Kg6 36. f3 f5 37. Kg3 Nd4 38. Rb2 h4+ 39. Kh2 Ra5 40. Rb6 Kf6 41. Kh3 Rac5 42. Nd1 g4+ 43. Kxh4 gxf3 44. Kh3 Rc1 45. Ne3 f2 46. Kg3 f1=Q 47. Nxf1 Rxf1 48. a5 f4+ 49. Kh2 Rh5+ 50. Rh3 Rxh3+ 51. Kxh3 Kf5 52. Kh2 Ne2 0-1

[Event "23rd Hoogeveen Open 2019"]
[Site "Hoogeveen"]
[Date "2019.10.25"]
[Round "8.6"]
[White "Romanishin, Oleg M"]
[Black "Jonkman, Harmen"]
[Result "1/2-1/2"]
[ECO "D27"]
[WhiteElo "2441"]
[BlackElo "2383"]
[Annotator "NA"]
[PlyCount "49"]
[EventDate "2019.10.19"]
[EventType "swiss"]
[EventCountry "NED"]
[SourceTitle "playchess.com"]
[Source "ChessBase"]
[SourceQuality "1"]
[TimeControl "40/5400+30:1800+30"]

1. d4 d5 2. Nf3 Nf6 3. c4 dxc4 4. e3 e6 5. Bxc4 a6 6. O-O c5 7. Bb3 cxd4 8. exd4 Nc6 9. Nc3 Be7 10. Bf4 O-O 11. Rc1 Na5 12. Bc2 b5 13. a4 Bd7 14. Ne5 Nc4 15. b3 Nb6 16. Bg5 bxa4 17. Nxa4 Bb5 18. Bd3 Nxa4 19. bxa4 Bxd3 20. Qxd3 Nd5 21. Nc6 Qd7 22. Nxe7+ Nxe7 23. Bxe7 Qxe7 24. Rc6 a5 25. Rfc1 1/2-1/2

[Event "23rd Hoogeveen Open 2019"]
[Site "Hoogeveen"]
[Date "2019.10.25"]
[Round "8.7"]
[White "Harutjunyan, Gevorg"]
[Black "Manush Shah"]
[Result "1-0"]
[ECO "B12"]
[WhiteElo "2428"]
[BlackElo "2352"]
[Annotator "NA"]
[PlyCount "57"]
[EventDate "2019.10.19"]
[EventType "swiss"]
[EventCountry "NED"]
[SourceTitle "playchess.com"]
[Source "ChessBase"]
[SourceQuality "1"]
[TimeControl "40/5400+30:1800+30"]

1. e4 c6 2. d4 d5 3. e5 Bf5 4. h4 h5 5. c4 e6 6. Nc3 Ne7 7. Nge2 Nd7 8. Ng3 Bg6 9. Bg5 Qb6 10. Qd2 Nf5 11. Nxf5 Bxf5 12. cxd5 cxd5 13. Rc1 f6 14. exf6 gxf6 15. Be3 Rc8 16. Be2 Bd6 17. O-O Kf7 18. Nb5 Rcg8 19. Bf4 Bxf4 20. Qxf4 Bh3 21. Kh2 Bxg2 22. Rc7 Ke7 23. Rfc1 Be4 24. Rxd7+ Kxd7 25. Rc7+ Ke8 26. Nd6+ Kd8 27. Nxb7+ Ke8 28. Bb5+ Qxb5 29. Nd6+ 1-0

[Event "23rd Hoogeveen Open 2019"]
[Site "Hoogeveen"]
[Date "2019.10.25"]
[Round "8.8"]
[White "Okkes, Menno"]
[Black "Zwirs, Nico"]
[Result "1/2-1/2"]
[ECO "D37"]
[WhiteElo "2326"]
[BlackElo "2421"]
[Annotator "NA"]
[PlyCount "56"]
[EventDate "2019.10.19"]
[EventType "swiss"]
[EventCountry "NED"]
[SourceTitle "playchess.com"]
[Source "ChessBase"]
[SourceQuality "1"]
[TimeControl "40/5400+30:1800+30"]

1. Nf3 d5 2. d4 Nf6 3. c4 e6 4. Nc3 a6 5. cxd5 exd5 6. Bg5 Be6 7. Bxf6 Qxf6 8. Qb3 b5 9. a4 b4 10. Nxd5 Qd8 11. e4 c6 12. Qe3 cxd5 13. exd5 Qxd5 14. Rc1 Be7 15. Bd3 Qd8 16. Be4 Nd7 17. d5 Rc8 18. dxe6 Rxc1+ 19. Qxc1 fxe6 20. Qb1 Qa5 21. O-O Nf6 22. Bd3 O-O 23. Bc4 Kh8 24. Bxe6 Qxa4 25. b3 Qb5 26. Re1 Bd6 27. Qf5 Qxf5 28. Bxf5 a5 1/2-1/2

[Event "23rd Hoogeveen Open 2019"]
[Site "Hoogeveen"]
[Date "2019.10.25"]
[Round "8.9"]
[White "Vrolijk, Liam"]
[Black "Van Dael, Siem"]
[Result "1-0"]
[ECO "E73"]
[WhiteElo "2478"]
[BlackElo "2273"]
[Annotator "ChessBase"]
[PlyCount "49"]
[EventDate "2019.10.19"]
[EventType "swiss"]
[EventCountry "NED"]
[SourceTitle "playchess.com"]
[Source "ChessBase"]
[SourceQuality "1"]
[TimeControl "40/5400+30:1800+30"]

1. c4 Nf6 2. Nc3 g6 3. e4 d6 4. d4 Bg7 5. Be2 O-O 6. Be3 c5 7. d5 e6 8. Nf3 exd5 9. cxd5 b5 10. e5 Ng4 11. Bg5 Qb6 12. exd6 b4 13. Ne4 Re8 14. Nfd2 Bf5 15. Be7 c4 16. Bxg4 c3 17. O-O Bxg4 18. Qxg4 cxd2 19. Ng5 h6 20. Nxf7 Rxe7 21. dxe7 Kxf7 22. Rad1 Qd6 23. e8=Q+ Kxe8 24. Qc8+ Qd8 25. Rfe1+ 1-0

[Event "23rd Hoogeveen Open 2019"]
[Site "Hoogeveen"]
[Date "2019.10.25"]
[Round "8.10"]
[White "Kaasen, Tor Fredrik"]
[Black "Sparenberg, Erik"]
[Result "1-0"]
[ECO "C88"]
[WhiteElo "2415"]
[BlackElo "2142"]
[Annotator "NA"]
[PlyCount "88"]
[EventDate "2019.10.19"]
[EventType "swiss"]
[EventCountry "NED"]
[SourceTitle "playchess.com"]
[Source "ChessBase"]
[SourceQuality "1"]
[TimeControl "40/5400+30:1800+30"]

1. e4 e5 2. Nf3 Nc6 3. Bb5 a6 4. Ba4 Nf6 5. O-O Be7 6. Re1 b5 7. Bb3 O-O 8. a4 b4 9. d4 d6 10. dxe5 dxe5 11. Nbd2 Bg4 12. h3 Bh5 13. g4 Bg6 14. Nh4 Bc5 15. Nxg6 hxg6 16. Bc4 Na5 17. Bd3 Nd7 18. Qe2 Nc6 19. Nf3 a5 20. c3 Bd6 21. Bg5 f6 22. Be3 Qe7 23. Bc4+ Kh7 24. Bd5 Ndb8 25. cxb4 Bxb4 26. Rec1 Ra6 27. Qb5 Qd6 28. Qb7 Rd8 29. Bc4 Nd4 30. Bxd4 exd4 31. Bxa6 Nxa6 32. e5 fxe5 33. Rc6 Nc5 34. Rxd6 Nxb7 35. Rxd8 Nxd8 36. Nxe5 c5 37. Rc1 Ne6 38. Nd3 Kg8 39. Nxb4 cxb4 40. h4 Kf7 41. Kg2 Ke7 42. Kf3 Kd6 43. Ke4 Nc5+ 44. Rxc5 Kxc5 1-0

[Event "23rd Hoogeveen Open 2019"]
[Site "Hoogeveen"]
[Date "2019.10.25"]
[Round "8.11"]
[White "Vestby-Ellingsen, Mads"]
[Black "Emans, Job"]
[Result "1/2-1/2"]
[ECO "E15"]
[WhiteElo "2363"]
[BlackElo "2028"]
[Annotator "NA"]
[PlyCount "88"]
[EventDate "2019.10.19"]
[EventType "swiss"]
[EventCountry "NED"]
[SourceTitle "playchess.com"]
[Source "ChessBase"]
[SourceQuality "1"]
[TimeControl "40/5400+30:1800+30"]

1. d4 Nf6 2. c4 e6 3. Nf3 b6 4. g3 Ba6 5. Qc2 Bb4+ 6. Bd2 Be7 7. Bg2 c6 8. O-O O-O 9. Re1 d5 10. cxd5 cxd5 11. Ne5 Qc8 12. Qa4 Nfd7 13. e4 Nxe5 14. dxe5 Qc4 15. Nc3 Qxa4 16. Nxa4 d4 17. b3 Nc6 18. Bf1 Bxf1 19. Rxf1 Nxe5 20. f4 Ng4 21. Nb2 Rac8 22. Nd3 Rc2 23. Rfd1 Nf6 24. Bb4 Bc5 25. Re1 Rd8 26. e5 Ng4 27. Bxc5 bxc5 28. Rec1 Rxh2 29. Nxc5 h6 30. Rd1 Rc2 31. Rdc1 Rxc1+ 32. Rxc1 d3 33. Rd1 d2 34. Ne4 Rd4 35. Nxd2 Ne3 36. Re1 Rxd2 37. Rxe3 Rxa2 38. Rc3 Rb2 39. Rc8+ Kh7 40. Rc7 Rxb3 41. Kg2 Kg6 42. Rxa7 h5 43. Rc7 Ra3 44. Rb7 Rd3 1/2-1/2

[Event "23rd Hoogeveen Open 2019"]
[Site "Hoogeveen"]
[Date "2019.10.25"]
[Round "8.12"]
[White "Gomes, Mary Ann"]
[Black "Dixit, Nikhil"]
[Result "1/2-1/2"]
[ECO "E69"]
[WhiteElo "2268"]
[BlackElo "2358"]
[Annotator "NA"]
[PlyCount "82"]
[EventDate "2019.10.19"]
[EventType "swiss"]
[EventCountry "NED"]
[SourceTitle "playchess.com"]
[Source "ChessBase"]
[SourceQuality "1"]
[TimeControl "40/5400+30:1800+30"]

1. Nf3 Nf6 2. g3 g6 3. Bg2 Bg7 4. O-O O-O 5. c4 d6 6. d4 Nbd7 7. Nc3 e5 8. e4 a6 9. h3 b5 10. dxe5 dxe5 11. Qc2 c6 12. Be3 Qe7 13. a3 Bb7 14. Rfd1 a5 15. cxb5 cxb5 16. Nxb5 Bxe4 17. Qe2 Bb7 18. Nd6 Ba6 19. Qe1 e4 20. Ng5 Ne5 21. Ndxe4 Nd3 22. Rxd3 Bxd3 23. Bc5 Qe5 24. Bxf8 Rxf8 25. Rd1 Nxe4 26. Nxe4 Bc2 27. Rd5 Qxb2 28. Rxa5 Rd8 29. Qb4 Rd1+ 30. Kh2 Bxe4 31. Qxb2 Bxb2 32. Bxe4 Rd2 33. a4 Rxf2+ 34. Bg2 h5 35. Rd5 Bc3 36. Kg1 Ra2 37. Rd7 Ra1+ 38. Kf2 Be1+ 39. Ke2 Bxg3 40. Bd5 Rxa4 41. Bxf7+ Kf8 1/2-1/2

[Event "23rd Hoogeveen Open 2019"]
[Site "Hoogeveen"]
[Date "2019.10.25"]
[Round "8.13"]
[White "Blagojevic, Tijana"]
[Black "De Jong, Migchiel"]
[Result "1/2-1/2"]
[ECO "C01"]
[WhiteElo "2151"]
[BlackElo "2330"]
[Annotator "NA"]
[PlyCount "105"]
[EventDate "2019.10.19"]
[EventType "swiss"]
[EventCountry "NED"]
[SourceTitle "playchess.com"]
[Source "ChessBase"]
[SourceQuality "1"]
[TimeControl "40/5400+30:1800+30"]

1. e4 e6 2. d4 d5 3. Nc3 Bb4 4. exd5 exd5 5. Bd3 Nc6 6. a3 Ba5 7. Be3 Nge7 8. Qf3 Bxc3+ 9. bxc3 Be6 10. Ne2 Qd7 11. h3 Bf5 12. Ng3 Bg6 13. h4 O-O-O 14. h5 Bxd3 15. cxd3 h6 16. Kf1 Rdf8 17. Kg1 g5 18. Qf6 Qe6 19. Qxe6+ fxe6 20. f3 Nf5 21. Bf2 Rhg8 22. Ne2 g4 23. f4 g3 24. Be1 Rg4 25. Rh3 Rfg8 26. Bd2 Nce7 27. Be1 R8g7 28. a4 a5 29. Rb1 b6 30. Rb5 Nd6 31. Rb1 Nef5 32. Rc1 Kb7 33. Bd2 c6 34. Ra1 Ka6 35. Nc1 Nb7 36. Nb3 c5 37. dxc5 Nxc5 38. Nxc5+ bxc5 39. Re1 Re7 40. Kf1 Rg8 41. Rb1 Rb7 42. Rxb7 Kxb7 43. Ke2 Kc6 44. Kd1 c4 45. dxc4 dxc4 46. Rh1 Rb8 47. Kc2 Rb3 48. Re1 Kd6 49. Re4 Ra3 50. Kb2 Rb3+ 51. Kc2 Ra3 52. Kb2 Rb3+ 53. Kc2 1/2-1/2

[Event "23rd Hoogeveen Open 2019"]
[Site "Hoogeveen"]
[Date "2019.10.25"]
[Round "8.14"]
[White "Giacomini, Hector"]
[Black "Bhambure, Shantanu"]
[Result "0-1"]
[ECO "E14"]
[WhiteElo "2145"]
[BlackElo "2291"]
[Annotator "NA"]
[PlyCount "90"]
[EventDate "2019.10.19"]
[EventType "swiss"]
[EventCountry "NED"]
[SourceTitle "playchess.com"]
[Source "ChessBase"]
[SourceQuality "1"]
[TimeControl "40/5400+30:1800+30"]

1. Nf3 Nf6 2. e3 e6 3. d4 b6 4. Bd3 Bb7 5. O-O d5 6. b3 Bd6 7. Bb2 O-O 8. c4 Nbd7 9. Nc3 a6 10. Rc1 Qe7 11. Qc2 dxc4 12. Bxc4 c5 13. dxc5 Nxc5 14. Be2 Rac8 15. Qb1 b5 16. b4 Ncd7 17. a3 Nb6 18. Ng5 h6 19. Nge4 Nxe4 20. Nxe4 Bxh2+ 21. Kxh2 Qh4+ 22. Kg1 Bxe4 23. Bd3 Bxd3 24. Qxd3 Nc4 25. Qe2 Rfd8 26. Rfd1 e5 27. Ba1 Qe4 28. a4 f6 29. axb5 axb5 30. Rxd8+ Rxd8 31. Rd1 Rxd1+ 32. Qxd1 Qc6 33. Bc3 Qd6 34. Qh5 Qd7 35. Be1 Kh7 36. Qf3 Qd3 37. Qc6 Qd1 38. Qe4+ Kg8 39. Qa8+ Kf7 40. Qb7+ Kg6 41. Qe4+ f5 42. Qc6+ Kh7 43. Qxb5 Qxe1+ 44. Kh2 Nd2 45. Qxe5 Qxf2 0-1

[Event "23rd Hoogeveen Open 2019"]
[Site "Hoogeveen"]
[Date "2019.10.25"]
[Round "8.15"]
[White "Grooten, Herman"]
[Black "Dev, Shah"]
[Result "1/2-1/2"]
[ECO "D10"]
[WhiteElo "2274"]
[BlackElo "2025"]
[Annotator "NA"]
[PlyCount "88"]
[EventDate "2019.10.19"]
[EventType "swiss"]
[EventCountry "NED"]
[SourceTitle "playchess.com"]
[Source "ChessBase"]
[SourceQuality "1"]
[TimeControl "40/5400+30:1800+30"]

1. d4 d5 2. c4 c6 3. cxd5 cxd5 4. Nc3 Nf6 5. Bf4 Nc6 6. e3 a6 7. Bd3 Bg4 8. Nge2 e6 9. O-O Bd6 10. f3 Bh5 11. Rc1 O-O 12. Bg5 Be7 13. f4 Nd7 14. Bxe7 Qxe7 15. Qb3 Rab8 16. Ng3 Nf6 17. f5 Bg4 18. Rce1 Rfd8 19. fxe6 fxe6 20. Rf4 g6 21. Rff1 Bf5 22. Be2 b5 23. Qd1 Na5 24. b3 Rbc8 25. Nxf5 exf5 26. Qd3 Rc6 27. Bf3 Ne4 28. Bxe4 dxe4 29. Qd2 Qb4 30. Nxe4 Qxd2 31. Nxd2 Rc2 32. Nf3 Rxa2 33. Ra1 Rxa1 34. Rxa1 Nxb3 35. Rxa6 f4 36. Ra3 Nc1 37. Ra1 Ne2+ 38. Kf2 Nc3 39. exf4 b4 40. Rc1 Rc8 41. Kf1 Rc4 42. Ke1 b3 43. Nd2 b2 44. Rc2 Rxd4 1/2-1/2

[Event "23rd Hoogeveen Open 2019"]
[Site "Hoogeveen"]
[Date "2019.10.25"]
[Round "8.16"]
[White "De Boer, Eelke"]
[Black "Adocchio, Giampiero"]
[Result "1-0"]
[ECO "C18"]
[WhiteElo "2323"]
[BlackElo "2184"]
[Annotator "NA"]
[PlyCount "105"]
[EventDate "2019.10.19"]
[EventType "swiss"]
[EventCountry "NED"]
[SourceTitle "playchess.com"]
[Source "ChessBase"]
[SourceQuality "1"]
[TimeControl "40/5400+30:1800+30"]

1. e4 e6 2. d4 d5 3. Nc3 Bb4 4. e5 c5 5. a3 Bxc3+ 6. bxc3 Ne7 7. Qg4 Qc7 8. Bd3 c4 9. Be2 Nf5 10. h4 Nc6 11. h5 h6 12. Qf4 Qa5 13. Bd2 Qa4 14. Bd1 Bd7 15. g4 Nfe7 16. Nf3 Rf8 17. Qg3 O-O-O 18. Nh4 f6 19. f4 fxe5 20. fxe5 Qb5 21. Bc1 Qa5 22. Qe3 Nxd4 23. Qxd4 Nc6 24. Qd2 Nxe5 25. Rh3 Rf6 26. Be2 Rdf8 27. Qe3 Nd3+ 28. cxd3 Qxc3+ 29. Qd2 Qxa1 30. Qb2 Qxb2 31. Bxb2 e5 32. Bxe5 Re6 33. Ng6 Rfe8 34. d4 Rb6 35. Nf4 Rf8 36. Rc3 Rb1+ 37. Kd2 Bc6 38. Ne6 Rf2 39. Ke3 Rg2 40. Nf4 Rg3+ 41. Bf3 Rf1 42. Ke2 Rgg1 43. Nh3 Rc1 44. Nxg1 Rxc3 45. Bxg7 Rxa3 46. Bxh6 c3 47. Kf2 b5 48. Bc1 Ra2+ 49. Ne2 b4 50. h6 b3 51. h7 b2 52. h8=Q+ Kb7 53. Qh7+ 1-0

[Event "23rd Hoogeveen Open 2019"]
[Site "Hoogeveen"]
[Date "2019.10.25"]
[Round "8.17"]
[White "Wiersma, Eelke"]
[Black "Pekin, Tolgay"]
[Result "1-0"]
[ECO "B51"]
[WhiteElo "2321"]
[BlackElo "2083"]
[Annotator "NA"]
[PlyCount "73"]
[EventDate "2019.10.19"]
[EventType "swiss"]
[EventCountry "NED"]
[SourceTitle "playchess.com"]
[Source "ChessBase"]
[SourceQuality "1"]
[TimeControl "40/5400+30:1800+30"]

1. e4 c5 2. Nf3 Nc6 3. Bb5 d6 4. O-O Bd7 5. Re1 Nf6 6. c3 a6 7. Bf1 Bg4 8. d4 cxd4 9. cxd4 e5 10. Be3 exd4 11. Bxd4 Be7 12. Nc3 O-O 13. Be3 Re8 14. h3 Bh5 15. g4 Bg6 16. Nh4 Bf8 17. Nxg6 hxg6 18. Bg2 Qa5 19. g5 Nd7 20. Nd5 Rac8 21. h4 Ne7 22. b4 Qd8 23. Nxe7+ Bxe7 24. Qd5 b5 25. Qb7 Nb8 26. a4 Qc7 27. Qxc7 Rxc7 28. axb5 axb5 29. Ra5 Nd7 30. Rxb5 Ne5 31. Rc1 Rxc1+ 32. Bxc1 Rc8 33. Be3 f5 34. exf5 gxf5 35. Bd5+ Kh8 36. Rb7 Bd8 37. b5 1-0

[Event "23rd Hoogeveen Open 2019"]
[Site "Hoogeveen"]
[Date "2019.10.25"]
[Round "8.18"]
[White "Mueer, Sebastian"]
[Black "Hoffman, Ron"]
[Result "1-0"]
[ECO "A80"]
[WhiteElo "2194"]
[BlackElo "1991"]
[Annotator "NA"]
[PlyCount "81"]
[EventDate "2019.10.19"]
[EventType "swiss"]
[EventCountry "NED"]
[SourceTitle "playchess.com"]
[Source "ChessBase"]
[SourceQuality "1"]
[TimeControl "40/5400+30:1800+30"]

1. d4 f5 2. Bf4 Nf6 3. e3 d6 4. Nc3 e6 5. Bd3 Nc6 6. Nf3 Nb4 7. Be2 Be7 8. h3 O-O 9. g4 Ne4 10. a3 Nxc3 11. bxc3 Nd5 12. Qd3 Nxf4 13. exf4 c6 14. c4 Qa5+ 15. c3 Bd7 16. Qe3 Rae8 17. g5 b6 18. O-O c5 19. Rfd1 Kh8 20. h4 Qa6 21. h5 Qb7 22. Nh4 Qe4 23. Ng6+ Kg8 24. Nxf8 Rxf8 25. Bf3 Qc2 26. Rac1 Qa4 27. d5 Qxc4 28. dxe6 Ba4 29. Rd2 Qa6 30. Re1 Qc8 31. c4 Qa6 32. Rxd6 Bxd6 33. e7 Re8 34. Qe6+ Kh8 35. Qxd6 Qxc4 36. Bc6 Bxc6 37. Qxc6 Qf7 38. g6 Qg8 39. Qd7 c4 40. Rd1 c3 41. Qxe8 1-0

[Event "23rd Hoogeveen Open 2019"]
[Site "Hoogeveen"]
[Date "2019.10.25"]
[Round "8.19"]
[White "Vogel, Jaap"]
[Black "Advait, Bagri"]
[Result "1/2-1/2"]
[ECO "D02"]
[WhiteElo "2123"]
[BlackElo "2231"]
[Annotator "NA"]
[PlyCount "54"]
[EventDate "2019.10.19"]
[EventType "swiss"]
[EventCountry "NED"]
[SourceTitle "playchess.com"]
[Source "ChessBase"]
[SourceQuality "1"]
[TimeControl "40/5400+30:1800+30"]

1. d4 d5 2. Bf4 Nf6 3. e3 e6 4. Nf3 Bd6 5. Bg3 c5 6. c3 O-O 7. Nbd2 Nc6 8. Bd3 b6 9. Qe2 Bb7 10. Rd1 Qe7 11. e4 dxe4 12. Nxe4 Nxe4 13. Bxe4 cxd4 14. Bxd6 Qxd6 15. Nxd4 Nxd4 16. Rxd4 Qe7 17. Bxb7 Qxb7 18. O-O Rfd8 19. Rfd1 Qc7 20. Qd3 Rxd4 21. Qxd4 h6 22. h3 Qc6 23. Rd3 Qb5 24. b3 Rc8 25. Rg3 g6 26. c4 Qc6 27. h4 Qc5 1/2-1/2

[Event "23rd Hoogeveen Open 2019"]
[Site "Hoogeveen"]
[Date "2019.10.25"]
[Round "8.20"]
[White "Stavast, Dick"]
[Black "Djukic, Sandra"]
[Result "0-1"]
[ECO "A13"]
[WhiteElo "2068"]
[BlackElo "2179"]
[Annotator "NA"]
[PlyCount "72"]
[EventDate "2019.10.19"]
[EventType "swiss"]
[EventCountry "NED"]
[SourceTitle "playchess.com"]
[Source "ChessBase"]
[SourceQuality "1"]
[TimeControl "40/5400+30:1800+30"]

1. Nf3 d5 2. e3 Nf6 3. b3 e6 4. Bb2 b6 5. c4 Bb7 6. Nc3 a6 7. Qc2 dxc4 8. bxc4 c5 9. Be2 Qc7 10. O-O-O Nbd7 11. Kb1 h6 12. h3 Bd6 13. Rhe1 O-O-O 14. a3 Kb8 15. d4 Rhe8 16. d5 exd5 17. cxd5 Ne5 18. e4 Nxf3 19. gxf3 Nh5 20. Qa4 b5 21. Bxb5 axb5 22. Nxb5 Qb6 23. e5 Bf8 24. e6 f6 25. d6 Bc6 26. e7 Bxe7 27. dxe7 Rxd1+ 28. Qxd1 Qxb5 29. f4 c4 30. Qd6+ Kb7 31. Ka1 Qd5 32. Qb4+ Kc7 33. Bc3 Nxf4 34. Rb1 Nd3 35. Qb6+ Kd7 36. Qa7+ Ke6 0-1

[Event "23rd Hoogeveen Open 2019"]
[Site "Hoogeveen"]
[Date "2019.10.25"]
[Round "8.21"]
[White "Van Foreest, Machteld"]
[Black "Van der Hagen, Loek"]
[Result "1-0"]
[ECO "C06"]
[WhiteElo "2142"]
[BlackElo "1983"]
[Annotator "NA"]
[PlyCount "57"]
[EventDate "2019.10.19"]
[EventType "swiss"]
[EventCountry "NED"]
[SourceTitle "playchess.com"]
[Source "ChessBase"]
[SourceQuality "1"]
[TimeControl "40/5400+30:1800+30"]

1. e4 e6 2. d4 d5 3. Nd2 Nf6 4. e5 Nfd7 5. c3 c5 6. Bd3 Nc6 7. Ne2 cxd4 8. cxd4 f6 9. exf6 Nxf6 10. Nf3 Bd6 11. O-O Qc7 12. h3 O-O 13. Be3 Bd7 14. Re1 Rae8 15. Rc1 Qb8 16. Nc3 a6 17. a3 Kh8 18. Bb1 Bf4 19. Qd3 e5 20. Bxf4 exf4 21. Nxd5 g6 22. Nxf6 Rxf6 23. Rxe8+ Qxe8 24. Re1 Re6 25. Rxe6 Bxe6 26. d5 Bxd5 27. Qxd5 Qe2 28. Ba2 Ne7 29. Qd4+ 1-0

[Event "23rd Hoogeveen Open 2019"]
[Site "Hoogeveen"]
[Date "2019.10.25"]
[Round "8.22"]
[White "Barthel, Ansgar"]
[Black "Van der Velde, Henk"]
[Result "1/2-1/2"]
[ECO "B19"]
[WhiteElo "2037"]
[BlackElo "2118"]
[Annotator "NA"]
[PlyCount "80"]
[EventDate "2019.10.19"]
[EventType "swiss"]
[EventCountry "NED"]
[SourceTitle "playchess.com"]
[Source "ChessBase"]
[SourceQuality "1"]
[TimeControl "40/5400+30:1800+30"]

1. e4 c6 2. d4 d5 3. Nc3 dxe4 4. Nxe4 Bf5 5. Ng3 Bg6 6. h4 h6 7. Nf3 e6 8. h5 Bh7 9. Bd3 Bxd3 10. Qxd3 Nf6 11. Bd2 c5 12. O-O-O Nc6 13. Be1 cxd4 14. Nxd4 Nxd4 15. Qxd4 Qxd4 16. Rxd4 Bc5 17. Rd3 Ke7 18. Rh4 Rhd8 19. Rb3 b6 20. Bb4 Rac8 21. Ne4 Nxe4 22. Rxe4 Rd5 23. Rh3 Bxb4 24. Rxb4 Rcd8 25. b3 Rd2 26. Rf3 R8d5 27. Rc4 Rd7 28. Rg4 Kf8 29. Rgf4 Re2 30. g4 f6 31. Rc3 e5 32. Rf5 Kf7 33. Rff3 Re4 34. Rfd3 Ke7 35. f3 Rf4 36. Rxd7+ Kxd7 37. Rd3+ Kc7 38. Rc3+ Kd7 39. Rd3+ Kc7 40. Rc3+ Kd7 1/2-1/2